 Dungeon Crawl Stone Soup version 0.20.1-1-g8b1a95d (webtiles) character file.

728 Peloso the Slasher (level 7, -1/54 HPs)
             Began as a Demonspawn Fighter on July 30, 2017.
             Slain by a gnoll sergeant
             ... wielding a +0 trident
              (8 damage)
             ... on level 4 of the Dungeon.
             The game lasted 00:09:29 (3667 turns).

Peloso the Slasher (Demonspawn Fighter)             Turns: 3667, Time: 00:09:30

Health: -1/54      AC: 11    Str: 20    XL:     7   Next: 44%
Magic:  0/7        EV:  8    Int: 10    God:
Gold:   259        SH:  9    Dex: 12    Spells: 6/6 levels left

rFire    . . .     SeeInvis .   a - +0 long sword
rCold    . . .     Gourm    .   c - +0 shield
rNeg     + . .     Faith    .   d - +4 scale mail of Efiokkug {-Tele rN+ rCorr Str+2}
rPois    .         Spirit   +   (no helmet)
rElec    .         Reflect  .   (no cloak)
rCorr    +         Harm     .   (no gloves)
MR       .....     NoTele   +   (boots unavailable)
Stlth    +.........             (no amulet)
Regen    0.2/turn               y - ring of stealth
MPRegen  0.1/turn               (no ring)

@: no status effects
A: hooves 3, demonic guardian 1, magic shield
a: no special abilities


You were on level 4 of the Dungeon.
You were very hungry.

You visited 1 branch of the dungeon, and saw 5 of its levels.

You collected 259 gold pieces.

Inventory:

Hand Weapons
 a - a +0 long sword (weapon)
Armour
 c - a +0 shield (worn)
 d - the +4 scale mail of Efiokkug (worn) {-Tele rN+ rCorr Str+2}
   (You found it on level 4 of the Dungeon)

   It affects your strength (+2).
   It protects you from negative energy.
   It prevents most forms of teleportation.
   It protects you from acid and corrosion.
 x - a +0 chain mail
Jewellery
 q - an uncursed ring of see invisible
 y - a ring of stealth (left hand)
Wands
 i - a wand of lightning (6/15)
 m - a wand of polymorph (17/24)
Scrolls
 b - a scroll of enchant weapon {unknown}
 g - a scroll of fear
 j - a scroll of teleportation
 o - a scroll of remove curse
 t - 3 scrolls of enchant armour {unknown}
 u - a scroll of amnesia {unknown}
 w - a scroll of identify
Potions
 e - 9 potions of curing
 h - 2 potions of lignification {unknown}
 k - 2 potions of mutation {unknown}
 l - a potion of might
 n - a potion of brilliance {unknown}
 s - a potion of invisibility {unknown}
Comestibles
 f - 5 bread rations
 p - 4 meat rations
 r - 2 fruits
 v - 2 royal jellies


   Skills:
 + Level 4.1 Fighting
 + Level 5.0 Long Blades
 + Level 4.2 Armour
 + Level 1.4 Dodging
 + Level 1.5 Stealth
 + Level 4.1 Shields


You had 6 spell levels left.
You didn't know any spells.

Dungeon Overview and Level Annotations

Branches:
Dungeon (5/15)
 Temple: D:4-7

Altars:
Elyvilon
Makhleb

Annotations:
D:5 Prince Ribbit


Innate Abilities, Weirdness & Mutations

You have hooves in place of feet.
A weak demonic guardian rushes to your aid.
When hurt, damage is shared between your health and your magic reserves.


Message History

The orc barely misses you.
Your shadow imp hits the gnoll.
The gnoll hits your shadow imp.
The gnoll sergeant hits you but does no damage.
You slash the gnoll!
You kill the gnoll!
Your Long Blades skill increases to level 5!
You block the orc's attack.
Your shadow imp gestures at the gnoll.
The gnoll writhes in agony!
The gnoll hits your shadow imp.
The gnoll sergeant hits you but does no damage.
The orc hits you.
* * * LOW HITPOINT WARNING * * *
You completely miss the orc.
The orc is severely wounded.
Your shadow imp hits the gnoll.
The gnoll dies!
The orc completely misses you.
You riposte.
You slash the orc!
You kill the orc!
The gnoll sergeant hits you from afar with a trident!
You die...

## #..#####..# #####
#......##.#
....###..#..###(#
.........#...##.#
....####...#....#####
............#.......#
............#...[.g.#
...............5†>..#
................@)..#
............#.......#
....###.###.#.......##
##.## #.###.#........#
.#.## #.##..#........#
#...###.##.##........#
##......##.##..).....##
#.#..####.####.####..#
##.#..# #)##...# ##.#


You could see a gnoll sergeant and a friendly shadow imp.

Vanquished Creatures
  A phantom (D:4)
  An orc warrior (D:5)
  The ghost of smzp the Skirmisher, an amateur GrMo (D:3)
  Blork the orc (D:5)
  A wight (D:5)
  A hound (D:5)
  An orc priest (D:3)
  A bullfrog skeleton (D:4)
  An iguana (D:5)
  2 worker ants
  A hound skeleton (D:4)
  2 gnolls (D:4)
  3 adders
  2 worms
  3 dart slugs
  4 leopard geckos
  8 orcs
  5 bats
  4 giant cockroaches
  7 goblins
  3 hobgoblins
  3 kobolds
  A quokka (D:3)
  2 ball pythons
  4 frilled lizards
  A leopard gecko skeleton (D:5)
  2 quokka skeletons
  8 rats
74 creatures vanquished.

Vanquished Creatures (collateral kills)
  A water moccasin (D:5)
  A gnoll sergeant (D:4)
  A hound (D:4)
  2 gnolls
  An adder (D:3)
  An orc (D:5)
7 creatures vanquished.

Grand Total: 81 creatures vanquished

Notes
Turn   | Place    | Note
-------+----------+-------------------------------------------
     0 | D:1      | Peloso the Demonspawn Fighter began the quest for the Orb.
     0 | D:1      | Reached XP level 1. HP: 18/18 MP: 1/1
    88 | D:1      | Gained mutation: A weak demonic guardian rushes to your aid. [demonic ancestry]
    88 | D:1      | Reached XP level 2. HP: 12/24 MP: 2/2
   373 | D:1      | Reached skill level 2 in Long Blades
   615 | D:2      | Found a white marble altar of Elyvilon.
   751 | D:2      | Gained mutation: You have large cloven feet. [demonic ancestry]
   751 | D:2      | Reached XP level 3. HP: 9/29 MP: 3/3
  1646 | D:3      | Noticed smzp's ghost (amateur GrMo)
  1664 | D:3      | Killed smzp's ghost
  1664 | D:3      | Reached skill level 3 in Long Blades
  1664 | D:3      | Reached XP level 4. HP: 14/35 MP: 4/4
  1664 | D:3      | Gained mutation: When hurt, damage is shared between your health and your magic reserves. [demonic ancestry]
  1664 | D:3      | Reached XP level 5. HP: 16/41 MP: 5/5
  2131 | D:3      | Reached skill level 1 in Dodging
  2509 | D:4      | Reached skill level 1 in Stealth
  2572 | D:4      | Got a warped scale mail
  2583 | D:4      | Identified the +4 scale mail of Efiokkug {-Tele rN+ rCorr Str+2} (You found it on level 4 of the Dungeon)
  2737 | D:4      | Noticed a phantom
  2764 | D:4      | Found a burning altar of Makhleb.
  2773 | D:4      | Gained mutation: You have hoof-like feet. [demonic ancestry]
  2773 | D:4      | Reached XP level 6. HP: 38/48 MP: 6/6
  2776 | D:4      | Reached skill level 4 in Long Blades
  3002 | D:5      | Entered Level 5 of the Dungeon
  3002 | D:5      | Noticed a water moccasin
  3018 | D:5      | Killed a water moccasin
  3023 | D:5      | Noticed Blork the orc
  3026 | D:5      | Noticed an orc warrior
  3356 | D:5      | Killed Blork the orc
  3356 | D:5      | Gained mutation: You have hooves in place of feet. [demonic ancestry]
  3356 | D:5      | Reached XP level 7. HP: 46/54 MP: 5/7
  3451 | D:5      | Noticed Prince Ribbit
  3666 | D:4      | Reached skill level 5 in Long Blades
  3667 | D:4      | Slain by a gnoll sergeant

Skill      XL: |  1  2  3  4  5  6  7 |
---------------+----------------------+-----
Long Blades    | 2 3 4 5 |  5.0
Armour         | 3 4 |  4.2
Shields        | 3 4 |  4.1
Dodging        | 1 |  1.4
Stealth        | 1 |  1.5
Fighting       | 4 |  4.1

Action                   |  1- 3 |  4- 6 |  7- 9 || total
-------------------------+-------+-------+-------++-------
Melee: Long sword        |   118 |   117 |    45 ||   280
       Kick              |    19 |    38 |    16 ||    73
  Use: Potion            |     1 |       |       ||     1
       Scroll            |       |     6 |       ||     6
 Stab: Distracted        |     1 |     1 |     1 ||     3
  Eat: Chunk             |     3 |     5 |       ||     8
Armor: Scale mail        |    43 |    20 |    46 ||   109
       Chain mail        |    10 |    31 |       ||    41
Dodge: Dodged            |    40 |    32 |    36 ||   108
Block: Shield            |    58 |    57 |    39 ||   154
       Rpst.: Long sword |    14 |    10 |    13 ||    37
